 Dungeon Crawl Stone Soup version 0.30.1-9-gdf580d7c3d (webtiles) character file.

Game seed: 4708914752467328886

354 KittyFluff the Covered (level 6, -5/39 HPs)
             Began as a Gargoyle Berserker on Oct 16, 2023.
             Was a Believer of Trog.
             Slain by an orc wizard
             ... wielding a +0 hand axe
              (6 damage)
             ... on level 4 of the Dungeon.
             The game lasted 00:10:21 (2340 turns).

KittyFluff the Covered (Gargoyle Berserker)         Turns: 2340, Time: 00:10:21

Health: -5/39      AC: 13    Str: 28    XL:     6   Next: 62%
Magic:  6/6        EV: 11    Int: 10    God:    Trog [**....]
Gold:   242        SH:  0    Dex:  7    Spells: 5/5 levels left

rFire   + . .        k - +2 quarterstaff (heavy)
rCold   + . .        (shield currently unavailable)
rNeg    + . .        t - +0 leather armour
rPois   ∞            A - +0 helmet
rElec   +            u - +1 cloak {rCorr}
rCorr   +            o - +0 pair of gloves
SInv    .            B - +0 pair of boots
Will    .....        (no amulet)
Stlth   ++           b - ring "Pemyzut" {rC+ Str+6 Int+2 Dex-2 Stlth+}
HPRegen 0.26/turn    C - ring of protection from fire
MPRegen 0.10/turn

%: no passive effects
@: no status effects
A: sickness immunity, AC +4, negative energy resistance 1, electricity
resistance, torment resistance 1, petrification resistance
a: Renounce Religion, Berserk, Trog's Hand


You were on level 4 of the Dungeon.
You worshipped Trog.
Trog was pleased with you.
You visited 1 branch of the dungeon, and saw 4 of its levels.

You collected 242 gold pieces.

Inventory:

Hand Weapons
 a - a +0 mace
 k - a +2 heavy quarterstaff (weapon)
 r - a +0 antimagic sling
Missiles
 D - 6 poisoned darts (quivered)
Armour
 o - a +0 pair of gloves (worn)
 t - a +0 leather armour (worn)
 u - a +1 cloak of preservation (worn)
 A - a +0 helmet (worn)
 B - a +0 pair of boots (worn)
Jewellery
 b - the ring "Pemyzut" (left hand) {rC+ Str+6 Int+2 Dex-2 Stlth+}
   (You found it on level 2 of the Dungeon)

   [ring of strength]

   Str:       It affects your strength (+6).
   Int:       It affects your intelligence (+2).
   Dex:       It affects your dexterity (-2).
   rC:        It protects you from cold.
   Stlth:     It makes you more stealthy.
 C - a ring of protection from fire (right hand)
Wands
 q - a wand of flame (16)
Scrolls
 c - 4 scrolls of teleportation {unknown}
 d - 6 scrolls of identify {unknown}
 e - a scroll of magic mapping {unknown}
 g - a scroll of amnesia {unknown}
 j - a scroll of brand weapon {unknown}
 l - a scroll of noise {unknown}
 n - 2 scrolls of enchant armour {unknown}
 x - 2 scrolls of enchant weapon {unknown}
 y - a scroll of vulnerability {unknown}
 E - a scroll of acquirement {unknown}
Potions
 f - a potion of cancellation {unknown}
 h - 3 potions of curing {unknown}
 i - a potion of attraction {unknown}
 m - a potion of haste {unknown}
 p - a potion of lignification {unknown}
 s - a potion of degeneration {unknown}
 v - a potion of magic {unknown}
 w - 2 potions of heal wounds {unknown}
 z - a potion of berserk rage {unknown}


   Skills:
 + Level 4.5 Fighting
 - Level 3.3(3.7) Maces & Flails
 + Level 2.3(3.2) Staves
 * Level 4.9 Armour
 + Level 2.8 Dodging


You had 5 spell levels left.
You didn't know any spells.
Your spell library was empty.

Dungeon Overview and Level Annotations

Branches:
Dungeon (4/15)
 Temple: D:4-7

Altars:
Ashenzari
Trog
Xom
Zin


Innate Abilities, Weirdness & Mutations

You are immune to sickness and miasma.
Your stone body is resilient. (AC +4)
You are immune to poison.
You resist negative energy. (rN+)
You are resistant to electric shocks. (rElec)
You are resistant to unholy torment.
You are immune to petrification.


Message History

The magic dart hits you.
You hear some strange, mumbled words.
A puff of flame appears from out of thin air!
The puff of flame hits you. You resist.
You closely miss something. Something hits you but does no damage.
You sock something!
The orc priest looks braver for a moment.
Something hits you but does no damage.
The orc priest calls down the wrath of Beogh upon you.
Beogh smites you!
You hit the orc.
The orc is moderately wounded.
The orc closely misses you.
Something hits you but does no damage. x2
The orc barely misses you.
You hit the orc.
The orc is heavily wounded.
The orc hits you but does no damage. Something hits you but does no damage.
The orc closely misses you. Something hits you.
You thump the orc!
You kill the orc!
Trog accepts your kill. Something hits you but does no damage.
You closely miss the orc. The orc closely misses you.
Something hits you but does no damage. Something hits you.
The orc closely misses you.
You bludgeon the orc!!
You kill the orc!
Trog accepts your kill.
Something hits you but does no damage. x2
The orc priest looks encouraged for a moment.
You barely miss the orc priest.
The orc priest hits you with a +0 flail!
You hear some strange, mumbled words.
A magic dart appears from out of thin air!
The magic dart hits you!
* * * LOW HITPOINT WARNING * * *
You barely miss the orc priest.
An orc wizard appears from thin air!
Reactivating autopickup.
The orc wizard hits you with a +0 hand axe.
You die...

.... ...' ... #..
#.### #...## ####
#..# # ## ..#'#.
##o##.# #.. .'.'
#@o..# #..# #.#
##.#..#
#...###.#.###.....#
........#.....#####
#....###.####
#.#......#
#....)...#
###.###### #.#


You could see an orc priest and an orc wizard.

Vanquished Creatures
  Sigmund (D:2)
  Crazy Yiuf (D:2)
  A hound (D:4)
  An orc wizard (D:3)
  An adder (D:2)
  3 gnolls (D:3)
  A white imp (D:3)
  A dart slug (D:1)
  7 orcs
  6 endoplasms
  6 goblins
  3 hobgoblins
  2 quokkas
  9 ball pythons
  3 bats
  3 frilled lizards (D:3)
  7 kobolds
  8 rats
64 creatures vanquished.

Notes
Turn   | Place    | Note
-------+----------+-------------------------------------------
     0 | D:1      | KittyFluff the Gargoyle Berserker began the quest for the
                  | Orb.
     0 | D:1      | Reached XP level 1. HP: 14/14 MP: 1/1
    49 | D:1      | Found a faded altar of an unknown god.
   163 | D:1      | Reached XP level 2. HP: 19/19 MP: 2/2
   518 | D:2      | Reached ** piety under Trog
   641 | D:2      | Reached XP level 3. HP: 23/23 MP: 3/3
   803 | D:2      | Identified the ring "Pemyzut" {rC+ Str+6 Int+2 Dex-2
                  | Stlth+}
   871 | D:2      | Noticed Sigmund
   879 | D:2      | Killed Sigmund
   880 | D:2      | Reached skill level 1 in Staves
   880 | D:2      | Reached XP level 4. HP: 18/29 MP: 4/4
   880 | D:2      | Reached XP level 5. HP: 21/33 MP: 5/5
  1094 | D:2      | Found a runed translucent door.
  1095 | D:2      | Noticed Crazy Yiuf
  1104 | D:2      | Killed Crazy Yiuf
  1105 | D:2      | Reached XP level 6. HP: 35/38 MP: 6/6
  1301 | D:3      | Found a glowing silver altar of Zin.
  1503 | D:3      | Found a shimmering altar of Xom.
  1593 | D:3      | Found a bloodstained altar of Trog.
  2082 | D:4      | Found a broken altar of Ashenzari.
  2339 | D:4      | HP: 1/39 [something/magic dart (11)]
  2340 | D:4      | Slain by an orc wizard

Illustrated notes

Levels and vault maps discovered:
D:1:      minmay_arrival_cross, layout_rooms, basic_ecumenical_altar
D:2:      minmay_diamond_boxcup, layout_basic, minivault_26,
          uniq_crazy_yiuf_cottage, uniq_sigmund
D:3:      layout_rooms, xom_teletrap_fun, lemuel_tele_altar,
          mainiacjoe_overflow_surrounded_room, minmay_misc_feat_doors,
          chequers_serial_rivers_micro_e
D:4:      layout_loops_corners, nemelex_dance_club_becter,
          nicolae_ashenzari_skybound, nicolae_figureground_pulse

Skill      XL: |  1  2  3  4  5 |
---------------+----------------+-----
Armour         | 4 |  4.9
Fighting       | 4 |  4.5
Staves         | 1 2 |  2.3
Dodging        | 2 |  2.8
Maces & Flails | |  3.3

Action                     |  1- 3 |  4- 6 || total
---------------------------+-------+-------++-------
  Melee: Mace              |    35 |       ||    35
         Quarterstaff      |    45 |    63 ||   108
 Invoke: Berserk           |       |     1 ||     1
  Evoke: Wand              |     1 |       ||     1
   Stab: Sleeping          |     1 |     2 ||     3
 Armour: Animal skin       |    34 |       ||    34
         Leather armour    |     4 |    28 ||    32
  Dodge: Dodged            |    70 |    40 ||   110
